TOP OF THE 1ST |
Ogden Raptors batting - Pitching for San Francisco (APP) Giants : RHP Conrad van Gemert
|
Pitching: RHP Conrad van Gemert
|
|
Batting: SHB Javy Franco
|
0-0: Called Strike 0-1: Ball 1-1: Ball 2-1: Foul Ball, location: 2F 2-2: Foul Ball, location: 2F 2-2: Ground out U3 (Groundball, 34, EV 105.6 MPH)
|
Batting: SHB Alex Noval
|
0-0: Foul Ball, location: 2F 0-1: Ball 1-1: Ball 2-1: Foul Ball, location: 2F 2-2: Ball 3-2: SINGLE (Groundball, 6M, EV 98.8 MPH)
|
Batting: RHB Adam Maczko
|
0-0: Called Strike 0-1: Ball Wild Pitch! Alex Noval to second 1-1: Ball 2-1: Ball 3-1: Base on Balls
|
Batting: LHB Pedro Garza
|
0-0: Swinging Strike 0-1: SINGLE (Groundball, 34D, EV 95.0 MPH) Alex Noval to third Adam Maczko to second Runner from 3rd tries for Home, SAFE, throw by RF to home
|
Batting: RHB Juan Gallegos
|
0-0: Grounds into double play, 4-6-3 (Groundball, 4, EV 83.8 MPH)
|
Top of the 1st over - 1 run, 2 hits, 0 errors, 1 left on base; Ogden 1 - San Francisco (APP) 0 |
BOTTOM OF THE 1ST |
San Francisco (APP) Giants batting - Pitching for Ogden Raptors : RHP Austin Miller
|
Pitching: RHP Austin Miller
|
|
Batting: RHB Coen Dirks
|
0-0: Called Strike 0-1: Fly out, F8 (Flyball, 8RD, EV 95.6 MPH)
|
Batting: RHB Alex Peguero
|
0-0: Ball 1-0: Ball 2-0: Ground out 4-3 (Groundball, 34, EV 86.2 MPH)
|
Batting: RHB Zach Maguire
|
0-0: Ball 1-0: Swinging Strike 1-1: Ball 2-1: TRIPLE (Flyball, 89XD, EV 93.8 MPH)
|
Batting: RHB Edwin Verdugo
|
0-0: Called Strike 0-1: Ball 1-1: Swinging Strike 1-2: Ball 2-2: Ground out 4-3 (Groundball, 34, EV 103.1 MPH)
|
Bottom of the 1st over - 0 runs, 1 hit, 0 errors, 1 left on base; Ogden 1 - San Francisco (APP) 0 |
TOP OF THE 2ND |
Ogden Raptors batting - Pitching for San Francisco (APP) Giants : RHP Conrad van Gemert
|
Batting: LHB Fernão Manta
|
0-0: Foul Ball, location: 2F 0-1: Ball 1-1: Ball 2-1: Hit by Pitch
|
Batting: RHB Brad Brady
|
0-0: SINGLE (Groundball, 56D, EV 101.9 MPH) Fernão Manta to second
|
Batting: SHB Jesus Gomez
|
0-0: Called Strike 0-1: Ground out 4-3 (Groundball, 4M, EV 100.6 MPH) Fernão Manta to third Brad Brady to second
|
Batting: RHB Will Barksdale
|
0-0: Fly out, F8 (Flyball, 8LD, EV 96.2 MPH) Runner from 3rd tags up, SCORES, throw by CF
|
Batting: SHB Javy Franco
|
0-0: Ball 1-0: Fly out, F6 (Popup, 6, EV 79.4 MPH)
|
Top of the 2nd over - 1 run, 1 hit, 0 errors, 1 left on base; Ogden 2 - San Francisco (APP) 0 |
BOTTOM OF THE 2ND |
San Francisco (APP) Giants batting - Pitching for Ogden Raptors : RHP Austin Miller
|
Batting: RHB Jaime Rios
|
0-0: Ground out 5-3 (Groundball, 5S, EV 75.0 MPH)
|
Batting: RHB Noe Oliva
|
0-0: Ground out 6-3 (Groundball, 6, EV 82.5 MPH)
|
Batting: RHB Azeem bin Zuhair
|
0-0: Called Strike 0-1: Ball 1-1: Swinging Strike 1-2: Ball 2-2: Foul Ball, location: 2F 2-2: Strikes out looking
|
Bottom of the 2nd over - 0 runs, 0 hits, 0 errors, 0 left on base; Ogden 2 - San Francisco (APP) 0 |
TOP OF THE 3RD |
Ogden Raptors batting - Pitching for San Francisco (APP) Giants : RHP Conrad van Gemert
|
Batting: SHB Alex Noval
|
0-0: Called Strike 0-1: Ball 1-1: Ball 2-1: Ball 3-1: Base on Balls
|
Batting: RHB Adam Maczko
|
0-0: Called Strike 0-1: Foul Ball, location: 2F 0-2: Ball 1-2: 2-RUN HOME RUN (Flyball, 89XD, EV 99.4 MPH), Distance : 419 ft
|
Batting: LHB Pedro Garza
|
0-0: Ball 1-0: Ball 2-0: Called Strike 2-1: Ball 3-1: Foul Ball, location: 2F 3-2: Foul Ball, location: 2F 3-2: Foul Ball, location: 2F 3-2: Foul Ball, location: 2F 3-2: Strikes out swinging
|
Batting: RHB Juan Gallegos
|
0-0: Called Strike 0-1: Ball 1-1: SOLO HOME RUN (Flyball, 7D, EV 94.4 MPH), Distance : 375 ft
|
Pitching: LHP Justin Tidwell
|
|
Batting: LHB Fernão Manta
|
0-0: Ball 1-0: Foul Ball, location: 2F 1-1: Foul Ball, location: 2F 1-2: Foul Ball, location: 2F 1-2: Ground out 1-3 (Groundball, 13S, EV 75.0 MPH)
|
Batting: RHB Brad Brady
|
0-0: Called Strike 0-1: Ball 1-1: Ball 2-1: Foul Ball, location: 2F 2-2: Ball 3-2: Foul Ball, location: 2F 3-2: Foul Ball, location: 2F 3-2: Fly out, F7 (Flyball, 7LSF, EV 90.6 MPH)
|
Top of the 3rd over - 3 runs, 2 hits, 0 errors, 0 left on base; Ogden 5 - San Francisco (APP) 0 |
BOTTOM OF THE 3RD |
San Francisco (APP) Giants batting - Pitching for Ogden Raptors : RHP Austin Miller
|
Batting: RHB Chris Kulik
|
0-0: Called Strike 0-1: Ground out 5-3 (Groundball, 56S, EV 93.1 MPH)
|
Batting: RHB Jonathan Hemsley
|
0-0: Ball 1-0: Ground out 1-3 (Groundball, 13S, EV 68.8 MPH)
|
Batting: RHB Coen Dirks
|
0-0: Called Strike 0-1: Swinging Strike 0-2: Ground out 6-3 (Groundball, 56, EV 86.2 MPH)
|
Bottom of the 3rd over - 0 runs, 0 hits, 0 errors, 0 left on base; Ogden 5 - San Francisco (APP) 0 |
TOP OF THE 4TH |
Ogden Raptors batting - Pitching for San Francisco (APP) Giants : LHP Justin Tidwell
|
Batting: SHB Jesus Gomez
|
0-0: Ball 1-0: Ground out 5-3 (Groundball, 56, EV 106.2 MPH)
|
Batting: RHB Will Barksdale
|
0-0: Ball 1-0: Called Strike 1-1: Swinging Strike 1-2: Ball 2-2: Ball 3-2: Strikes out swinging
|
Batting: SHB Javy Franco
|
0-0: Ball 1-0: Ball 2-0: Called Strike 2-1: Foul Ball, location: 2F 2-2: Strikes out looking
|
Top of the 4th over - 0 runs, 0 hits, 0 errors, 0 left on base; Ogden 5 - San Francisco (APP) 0 |
BOTTOM OF THE 4TH |
San Francisco (APP) Giants batting - Pitching for Ogden Raptors : RHP Austin Miller
|
DELAY
|
Rain delay of 38 minutes in the 4th inning.
|
Batting: RHB Alex Peguero
|
0-0: Ball 1-0: SINGLE (Groundball, 6MD, EV 95.6 MPH)
|
Batting: RHB Zach Maguire
|
0-0: Ball 1-0: Ball 2-0: Ball 3-0: Called Strike 3-1: Base on Balls Alex Peguero to second
|
Batting: RHB Edwin Verdugo
|
0-0: Ball 1-0: Foul Ball, location: 2F 1-1: Ball 2-1: Ball 3-1: SINGLE (Groundball, 56D, EV 100.0 MPH) Alex Peguero to third Zach Maguire to second Runner from 3rd tries for Home, SAFE, throw by LF to home
|
Batting: RHB Jaime Rios
|
0-0: SINGLE (Groundball, 6MD, EV 103.8 MPH) Zach Maguire to third Edwin Verdugo to second
|
Batting: RHB Noe Oliva
|
0-0: Foul Ball, location: 2F 0-1: Ball 1-1: Ball 2-1: Ball 3-1: Foul Ball, location: 2F 3-2: Strikes out swinging
|
Batting: RHB Azeem bin Zuhair
|
0-0: Called Strike 0-1: Called Strike 0-2: Ball 1-2: SINGLE (Line Drive, 4MD, EV 96.2 MPH) Zach Maguire scores Edwin Verdugo to third Jaime Rios to second Runner from 3rd tries for Home, SAFE, throw by CF to home
|
Batting: RHB Chris Kulik
|
0-0: Foul Ball, location: 2F 0-1: Foul Ball, location: 2F 0-2: Strikes out looking
|
Batting: RHB Jonathan Hemsley
|
0-0: Called Strike 0-1: Called Strike 0-2: Fly out, F8 (Flyball, 8RM, EV 94.4 MPH)
|
Bottom of the 4th over - 3 runs, 4 hits, 0 errors, 2 left on base; Ogden 5 - San Francisco (APP) 3 |
TOP OF THE 5TH |
Ogden Raptors batting - Pitching for San Francisco (APP) Giants : LHP Justin Tidwell
|
Batting: SHB Alex Noval
|
0-0: Ball 1-0: Fly out, F7 (Line Drive, 7, EV 96.9 MPH)
|
Batting: RHB Adam Maczko
|
0-0: Foul Ball, location: 2F 0-1: Swinging Strike 0-2: Foul Ball, location: 2F 0-2: DOUBLE (Line Drive, 89D, EV 114.4 MPH)
|
Pitching: RHP Russ Hudson
|
|
Batting: LHB Pedro Garza
|
0-0: Foul Ball, location: 2F 0-1: Ball 1-1: Called Strike 1-2: Ball 2-2: Foul Ball, location: 2F 2-2: Ball 3-2: Ground out U3 (Groundball, 34, EV 89.4 MPH) Adam Maczko to third
|
Batting: RHB Juan Gallegos
|
0-0: Foul Ball, location: 2F 0-1: Ball 1-1: Called Strike 1-2: Strikes out swinging
|
Top of the 5th over - 0 runs, 1 hit, 0 errors, 1 left on base; Ogden 5 - San Francisco (APP) 3 |
BOTTOM OF THE 5TH |
San Francisco (APP) Giants batting - Pitching for Ogden Raptors : RHP Austin Miller
|
Batting: RHB Coen Dirks
|
0-0: Ball 1-0: Ball 2-0: Foul Ball, location: 2F 2-1: Foul Ball, location: 2F 2-2: Ground out 4-3 (Groundball, 4, EV 91.2 MPH)
|
Batting: RHB Alex Peguero
|
0-0: Ball 1-0: Ball 2-0: SINGLE (Line Drive, 34D, EV 95.0 MPH)
|
Batting: RHB Zach Maguire
|
0-0: Ball 1-0: Called Strike Alex Peguero steals 2nd base 1-1: Ball 2-1: Foul Ball, location: 2F 2-2: Ball 3-2: Base on Balls
|
Batting: RHB Edwin Verdugo
|
0-0: Fielders Choice at 2nd, 5-4 (Groundball, 56, EV 85.0 MPH) Alex Peguero to third
|
Batting: RHB Jaime Rios
|
0-0: Swinging Strike 0-1: Called Strike 0-2: Foul Ball, location: 2F 0-2: Ball 1-2: Fly out, F6 (Line Drive, 6M, EV 69.4 MPH)
|
Bottom of the 5th over - 0 runs, 1 hit, 0 errors, 2 left on base; Ogden 5 - San Francisco (APP) 3 |
TOP OF THE 6TH |
Ogden Raptors batting - Pitching for San Francisco (APP) Giants : RHP Russ Hudson
|
Batting: LHB Fernão Manta
|
0-0: Called Strike 0-1: Ball 1-1: Foul Ball, location: 2F 1-2: Ball 2-2: DOUBLE (Line Drive, 9LM, EV 103.1 MPH)
|
Batting: RHB Brad Brady
|
0-0: Called Strike 0-1: Foul Ball, location: 2F 0-2: Foul Ball, location: 2F 0-2: Ball 1-2: Foul Ball, location: 2F 1-2: Ball 2-2: Foul Ball, location: 2F 2-2: Fly out, F8 (Flyball, 78M, EV 96.2 MPH)
|
Batting: SHB Jesus Gomez
|
0-0: Ball 1-0: Ball 2-0: Foul Ball, location: 2F 2-1: Ball 3-1: Base on Balls
|
Batting: RHB Will Barksdale
|
0-0: Fly out, F7 (Flyball, 7D, EV 98.1 MPH)
|
Batting: SHB Javy Franco
|
0-0: Ball 1-0: Foul Ball, location: 2F 1-1: Called Strike 1-2: Foul Ball, location: 2F 1-2: Ball 2-2: Fielders Choice at 2nd, 6-4 (Groundball, 4M, EV 89.4 MPH)
|
Top of the 6th over - 0 runs, 1 hit, 0 errors, 2 left on base; Ogden 5 - San Francisco (APP) 3 |
BOTTOM OF THE 6TH |
San Francisco (APP) Giants batting - Pitching for Ogden Raptors : RHP Austin Miller
|
Batting: RHB Noe Oliva
|
0-0: Ball 1-0: Ball 2-0: Ball 3-0: Called Strike 3-1: Ground out 5-3 (Groundball, 56S, EV 90.6 MPH)
|
Batting: RHB Azeem bin Zuhair
|
0-0: Ball 1-0: Ball 2-0: Called Strike 2-1: Called Strike 2-2: Strikes out looking
|
Batting: RHB Chris Kulik
|
0-0: Ball 1-0: Ball 2-0: Called Strike 2-1: Ball 3-1: Called Strike 3-2: Base on Balls
|
Batting: RHB Jonathan Hemsley
|
0-0: Ball 1-0: Foul Ball, location: 2F 1-1: Fly out, F7 (Flyball, 7LM, EV 93.1 MPH)
|
Bottom of the 6th over - 0 runs, 0 hits, 0 errors, 1 left on base; Ogden 5 - San Francisco (APP) 3 |
TOP OF THE 7TH |
Ogden Raptors batting - Pitching for San Francisco (APP) Giants : RHP Russ Hudson
|
Pitching: RHP Josh Henderson
|
|
Batting: SHB Alex Noval
|
0-0: Called Strike 0-1: DOUBLE (Flyball, 89D, EV 110.0 MPH)
|
Batting: RHB Adam Maczko
|
0-0: Ball 1-0: Called Strike 1-1: Swinging Strike 1-2: Ball 2-2: Strikes out swinging
|
Batting: LHB Pedro Garza
|
0-0: Intentional Walk
|
Batting: RHB Juan Gallegos
|
0-0: Called Strike 0-1: Ball 1-1: Ball 2-1: Foul Ball, location: 2F 2-2: Ball 3-2: Fly out, F9 (Line Drive, 9S, EV 99.4 MPH)
|
Pitching: LHP Jason Haas
|
|
Batting: LHB Fernão Manta
|
0-0: Ball 1-0: Foul Ball, location: 2F 1-1: Ball 2-1: Foul Ball, location: 2F 2-2: Ball 3-2: Fly out, F9 (Flyball, 9LM, EV 96.2 MPH)
|
Top of the 7th over - 0 runs, 1 hit, 0 errors, 2 left on base; Ogden 5 - San Francisco (APP) 3 |
BOTTOM OF THE 7TH |
San Francisco (APP) Giants batting - Pitching for Ogden Raptors : RHP Austin Miller
|
Batting: RHB Coen Dirks
|
0-0: Ball 1-0: Called Strike 1-1: Ball 2-1: Ball 3-1: Foul Ball, location: 2F 3-2: Foul Ball, location: 2F 3-2: Foul Ball, location: 2F 3-2: Strikes out swinging
|
Pitching: RHP Chris Moody
|
|
Batting: RHB Alex Peguero
|
0-0: Ball 1-0: Ground out 5-3 (Groundball, 5, EV 86.2 MPH)
|
Batting: RHB Zach Maguire
|
0-0: Ball 1-0: Foul Ball, location: 2F 1-1: Ball 2-1: Foul Ball, location: 2F 2-2: Strikes out swinging
|
Bottom of the 7th over - 0 runs, 0 hits, 0 errors, 0 left on base; Ogden 5 - San Francisco (APP) 3 |
TOP OF THE 8TH |
Ogden Raptors batting - Pitching for San Francisco (APP) Giants : LHP Jason Haas
|
Pitching: RHP Antonio Torres
|
|
Batting: RHB Brad Brady
|
0-0: Ball 1-0: Foul Ball, location: 2F 1-1: Ball 2-1: Ball 3-1: SOLO HOME RUN (Flyball, 78XD, EV 111.9 MPH), Distance : 428 ft
|
Batting: SHB Jesus Gomez
|
0-0: Ball 1-0: Ball 2-0: Ground out U3 (Groundball, 3L, EV 93.8 MPH)
|
Batting: RHB Will Barksdale
|
0-0: Called Strike 0-1: Foul Ball, location: 2F 0-2: Strikes out swinging, 2-3 out at first.
|
Batting: SHB Javy Franco
|
0-0: Foul Ball, location: 2F 0-1: Foul Ball, location: 2F 0-2: Strikes out looking
|
Top of the 8th over - 1 run, 1 hit, 0 errors, 0 left on base; Ogden 6 - San Francisco (APP) 3 |
BOTTOM OF THE 8TH |
San Francisco (APP) Giants batting - Pitching for Ogden Raptors : RHP Chris Moody
|
Batting: RHB Edwin Verdugo
|
0-0: Called Strike 0-1: Called Strike 0-2: SINGLE (Groundball, 6MD, EV 101.2 MPH)
|
Batting: RHB Jaime Rios
|
0-0: Ball Wild Pitch! Edwin Verdugo to second 1-0: 2-RUN HOME RUN (Line Drive, 78XD, EV 108.8 MPH), Distance : 443 ft
|
Pinch Hitting: LHB Kuan Hsia
|
0-0: Foul Ball, location: 2F 0-1: SINGLE (Flyball, 6MD, EV 89.4 MPH)
|
Pinch Hitting: RHB Tsugio Yamaguchi
|
0-0: Fly out, F8 (Line Drive, 8RM, EV 97.5 MPH)
|
Batting: RHB Chris Kulik
|
0-0: Called Strike 0-1: Ball 1-1: Ball 2-1: Swinging Strike 2-2: Foul Ball, location: 2F 2-2: Strikes out swinging
|
Pitching: RHP Mike Barnhill
|
|
Pinch Hitting: LHB Eddie Lemus
|
0-0: Ball 1-0: Called Strike 1-1: Ball 2-1: Swinging Strike 2-2: Foul Ball, location: 2F 2-2: Ball 3-2: Base on Balls Kuan Hsia to second
|
Batting: RHB Coen Dirks
|
0-0: Called Strike 0-1: Ball 1-1: Fielders Choice at 2nd, 6-4 (Groundball, 6, EV 105.6 MPH)
|
Bottom of the 8th over - 2 runs, 3 hits, 0 errors, 2 left on base; Ogden 6 - San Francisco (APP) 5 |
TOP OF THE 9TH |
Ogden Raptors batting - Pitching for San Francisco (APP) Giants : RHP Antonio Torres
|
Pitching: RHP Corey Foster
|
|
Now in LF: Dave Perron
|
|
Now in CF: Kuan Hsia
|
|
Now in RF: Eddie Lemus
|
|
Batting: SHB Alex Noval
|
0-0: Foul Ball, location: 2F 0-1: Foul Ball, location: 2F 0-2: Fly out, F7 (Line Drive, 7LM, EV 95.6 MPH)
|
Batting: RHB Adam Maczko
|
0-0: Called Strike 0-1: Ball 1-1: Ground out U3 (Groundball, 3S, EV 85.6 MPH)
|
Batting: LHB Pedro Garza
|
0-0: Ball 1-0: Swinging Strike 1-1: Fly out, F6 (Popup, 6MS, EV 81.2 MPH)
|
Top of the 9th over - 0 runs, 0 hits, 0 errors, 0 left on base; Ogden 6 - San Francisco (APP) 5 |
BOTTOM OF THE 9TH |
San Francisco (APP) Giants batting - Pitching for Ogden Raptors : RHP Mike Barnhill
|
Now at 1B: Jason Todd
|
|
Now in RF: Kekoa Kahele
|
|
Batting: RHB Alex Peguero
|
0-0: Ball 1-0: Ball 2-0: Swinging Strike 2-1: Foul Ball, location: 2F 2-2: Ground out 4-3 (Groundball, 34, EV 98.1 MPH)
|
Batting: RHB Zach Maguire
|
0-0: Foul Ball, location: 2F 0-1: Ball 1-1: Foul Ball, location: 2F 1-2: Ball 2-2: DOUBLE (Line Drive, 5D, EV 95.6 MPH)
|
Batting: RHB Edwin Verdugo
|
0-0: Called Strike 0-1: 2-RUN HOME RUN (Flyball, 9D, EV 95.6 MPH), Distance : 375 ft
|
Bottom of the 9th over - 2 runs, 2 hits, 0 errors, 0 left on base; Ogden 6 - San Francisco (APP) 7 |
|